Map: [ESL] Radhuset Station

Players

Classic - Winner!

  • Race: Protoss Protoss
  • Spawn Location: 1:00

Spirit (souL)

  • Race: Terran Terran
  • League: Master
  • Spawn Location: 7:00

Event: IEM Katowice 2024

VOD

Have the link to the VOD?

Description

Time

  • Played on: Dec. 8, 2023, 3:15 p.m.
  • Length: 14:37

All games in this series

Show
View Real Time Build Order
Export as new Build Order

Classic Protoss - Winner!

Build Orders: 1 Gate Expand, Oracle Opening, Carriers 

Get SALT Encoding   

  12  0:00  Probe  
  13  0:12  Probe  
  14  0:18  Pylon  
  14  0:24  Probe  
  15  0:36  Gateway  
  15  0:39  Probe (Chrono Boost)  
  16  0:48  Probe (Chrono Boost)  
  17  0:51  Assimilator  
  17  0:53  Probe (Chrono Boost)  
  18  1:05  Probe  
  19  1:17  Probe  
  20  1:26  Cybernetics Core  
  20  1:37  Nexus  
  20  1:46  Pylon  
  20  1:48  Probe  
  20  1:53  Assimilator  
  21  2:00  Probe  
  22  2:01  Adept (Chrono Boost)  
  24  2:12  Probe  
  25  2:21  Stargate  
  25  2:24  Probe  
  25  2:27  Adept  
  28  2:36  Probe  
  29  2:37  Warp Gate  
  29  2:49  Probe x2 (Chrono Boost)  
  33  2:58  Probe x2 (Chrono Boost)  
  33  3:03  Probe x2 (Chrono Boost)  
  33  3:04  Oracle (Chrono Boost)  
  34  3:11  Pylon  
  38  3:15  Probe x2  
  40  3:22  Gateway  
  40  3:27  Probe  
  40  3:28  Probe  
  40  3:29  Assimilator  
  42  3:39  Probe  
  42  3:40  Probe  
  42  3:45  Assimilator  
  42  3:51  Probe  
  42  3:52  Probe  
  42  3:55  Fleet Beacon  
  44  4:03  Shield Battery, Probe  
  44  4:04  Probe  
  44  4:09  Stargate  
  46  4:11  Pylon  
  46  4:15  Probe  
  46  4:16  Probe  
  48  4:27  Probe  
  48  4:28  Probe  
  50  4:42  Tempest (Chrono Boost), Probe  
  50  4:43  Probe  
  57  4:46  Pylon  
  62  4:55  Tempest (Chrono Boost)  
  62  4:58  Nexus  
  62  5:00  Pylon  
  62  5:05  Probe x2  
  64  5:11  Tempest (Chrono Boost), Pylon  
  69  5:22  Tempest (Chrono Boost)  
  69  5:28  Probe x2  
  76  5:31  Pylon  
  76  5:40  Probe x2  
  78  5:44  Pylon  
  83  5:55  Tempest (Chrono Boost), Probe x2  
  83  5:56  Tempest (Chrono Boost)  
  85  6:01  Pylon  
  85  6:04  Pylon  
  90  6:08  Forge  
  90  6:09  Probe  
  90  6:10  Probe x2  
  93  6:22  Probe  
  93  6:23  Probe  
  101  6:32  Mothership  
  101  6:40  Tempest (Chrono Boost)  
  101  6:41  Tempest (Chrono Boost)  
  105  6:48  Gateway  
  105  6:49  Probe x2  
  105  6:50  Gateway  
  105  6:51  Assimilator  
  105  6:52  Assimilator  
  105  6:53  Stalker  
  109  6:56  Pylon  
  109  6:58  Photon Cannon  
  109  7:01  Probe  
  107  7:08  Stalker  
  107  7:10  Probe  
  107  7:13  Probe  
  106  7:15  Protoss Ground Weapons Level 1  
  106  7:18  Gateway  
  106  7:19  Gateway  
  106  7:23  Pylon  
  106  7:24  Probe  
  106  7:25  Probe  
  106  7:26  Stalker  
  110  7:31  Twilight Council  
  110  7:33  Pylon  
  110  7:36  Probe  
  111  7:37  Stalker  
  111  7:40  Pylon  
  111  7:43  Gateway  
  113  7:45  Gateway  
  113  7:49  Carrier (Chrono Boost)  
  113  7:53  Carrier (Chrono Boost)  
  125  8:00  Photon Cannon, Shield Battery  
  125  8:02  Pylon  
  125  8:11  Blink  
  125  8:19  Stalker x2  
  129  8:21  Protoss Air Weapons Level 1 (Chrono Boost)  
  129  8:27  Nexus  
  129  8:30  Photon Cannon  
  129  8:32  Pylon  
  129  8:33  Photon Cannon  
  129  8:34  Shield Battery  
  129  8:35  Pylon  
  129  8:39  Carrier (Chrono Boost)  
  141  8:56  Sentry  
  141  8:58  Carrier (Chrono Boost), Probe x3  
  145  9:05  Stalker x2  
  149  9:10  Probe x3  
  149  9:11  Pylon  
  149  9:15  Photon Cannon  
  149  9:16  Shield Battery  
  152  9:27  Probe  
  152  9:28  Probe x2  
  155  9:31  Protoss Ground Weapons Level 2 (Chrono Boost)  
  155  9:32  Carrier (Chrono Boost)  
  161  9:44  Assimilator  
  161  9:46  Assimilator  
  161  9:53  Carrier (Chrono Boost)  
  161  9:58  Probe x4  
  171  10:03  Templar Archives  
  170  10:10  Nexus  
  170  10:12  Charge, Pylon  
  162  10:31  Pylon  
  162  10:32  Carrier (Chrono Boost), Psionic Storm  
  168  10:46  Carrier (Chrono Boost)  
  168  10:47  Nexus, Gateway  
  168  10:48  Pylon  
  168  10:49  Zealot  
  176  10:50  Gateway  
  176  10:53  Protoss Air Weapons Level 2 (Chrono Boost)  
  176  10:58  Forge  
  176  11:02  High Templar x2  
  180  11:12  High Templar  
  182  11:18  Gateway  
  182  11:19  Gateway  
  182  11:21  Robotics Facility, High Templar  
  184  11:29  Stalker x3  
  184  11:31  Stalker  
  192  11:38  Assimilator  
  192  11:39  Protoss Ground Weapons Level 3 (Chrono Boost)  
  192  11:40  Assimilator  
  192  11:42  Protoss Shields Level 1 (Chrono Boost)  
  192  11:55  Stalker x4  
  198  12:05  Pylon  
  196  12:12  Stalker x3  
  200  12:18  Pylon  
  200  12:23  Assimilator  
  200  12:25  Assimilator  
  200  12:35  Gateway  
  200  12:36  Gateway  
  198  13:08  Stalker  
  138  13:45  Archon x2  
  138  13:46  Stalker x10  
  144  13:57  Warp Prism (Chrono Boost), Stargate  
  157  14:10  Probe x5 (Chrono Boost)  
  157  14:12  Zealot x5  
  157  14:13  Nexus, Zealot x2  
  157  14:14  Zealot x3  
  157  14:15  Pylon  
  157  14:17  Dark Shrine  
  177  14:25  Probe  
Show
View Real Time Build Order
Export as new Build Order

Spirit Terran 

Build Orders: Cyclone Opening 

Get SALT Encoding   

  12  0:00  SCV  
  13  0:12  SCV  
  14  0:17  Supply Depot  
  14  0:24  SCV  
  15  0:39  SCV  
  15  0:40  Barracks  
  16  0:46  Refinery  
  16  0:51  SCV  
  17  1:03  SCV  
  18  1:16  SCV  
  19  1:27  Marine  
  19  1:28  Orbital Command  
  20  1:44  Command Center  
  20  1:54  SCV  
  21  2:01  Factory  
  21  2:06  Barracks Reactor, SCV  
  22  2:11  Supply Depot  
  22  2:18  SCV  
  22  2:22  Refinery  
  23  2:33  SCV  
  24  2:42  Marine x2  
  26  2:45  Cyclone, SCV  
  29  2:56  Orbital Command  
  29  2:57  SCV  
  30  3:05  Starport  
  30  3:06  Marine  
  30  3:09  SCV  
  32  3:21  SCV x2  
  32  3:26  Cyclone, Marine x2  
  38  3:33  SCV x2  
  38  3:34  Supply Depot  
  40  3:42  Viking  
  40  3:45  SCV x2  
  43  3:57  Command Center, SCV  
  43  3:58  SCV  
  45  4:08  Supply Depot  
  45  4:09  SCV  
  46  4:10  Factory Tech Lab, SCV  
  46  4:11  Marine  
  46  4:17  Starport Reactor  
  49  4:21  SCV  
  49  4:22  SCV  
  51  4:30  Refinery x2  
  50  4:34  SCV x2, Starport  
  50  4:38  Armory  
  52  4:41  Supply Depot  
  52  4:46  SCV  
  52  4:47  SCV  
  52  4:50  Siege Tank, Barracks Tech Lab  
  57  4:56  Bunker  
  57  4:58  SCV  
  58  5:00  Viking  
  58  5:05  Viking  
  62  5:08  SCV  
  62  5:10  SCV  
  62  5:12  Orbital Command  
  64  5:20  Viking, SCV  
  67  5:22  SCV  
  67  5:28  Viking  
  70  5:29  Terran Ship Weapons Level 1  
  71  5:36  Viking  
  71  5:39  Supply Depot  
  71  5:41  SCV  
  73  5:43  Viking  
  73  5:46  Stimpack  
  73  5:48  SCV  
  76  5:50  Orbital Command  
  76  5:53  Viking, SCV  
  79  6:03  Barracks  
  79  6:04  Viking  
  79  6:05  Barracks  
  79  6:07  SCV  
  82  6:14  Viking  
  82  6:17  Refinery  
  82  6:18  SCV, Refinery  
  84  6:20  Viking  
  87  6:37  SCV  
  88  6:41  SCV  
  88  6:44  Viking, SCV  
  92  6:50  Combat Shield  
  92  6:51  Barracks  
  92  6:53  Liberator  
  91  6:54  SCV x2  
  93  7:02  Supply Depot  
  93  7:05  Supply Depot x2  
  93  7:07  SCV x2  
  93  7:11  Viking  
  93  7:12  Viking  
  93  7:16  Barracks Reactor  
  93  7:23  Viking, SCV x2  
  97  7:31  Engineering Bay  
  97  7:33  SCV, Engineering Bay  
  97  7:34  Armory  
  97  7:35  Terran Ship Weapons Level 2, SCV  
  97  7:36  Viking  
  101  7:45  Viking  
  101  7:46  SCV  
  101  7:48  SCV  
  105  7:51  Viking  
  105  7:53  Viking  
  105  7:57  SCV  
  109  7:59  SCV  
  109  8:00  SCV  
  111  8:05  Command Center  
  111  8:09  SCV  
  111  8:10  Barracks Reactor  
  111  8:11  Marauder x2  
  116  8:19  Supply Depot  
  116  8:20  Supply Depot  
  116  8:21  Viking  
  116  8:22  Viking  
  116  8:25  Terran Infantry Weapons Level 1, Terran Infantry Armor Level 1  
  117  8:34  Terran Vehicle And Ship Armor Level 1, Supply Depot  
  117  8:41  Viking, SCV  
  125  8:42  SCV x2  
  125  8:43  Viking  
  125  8:47  Refinery  
  124  8:49  Ghost Academy  
  124  8:50  Refinery  
  124  8:51  Viking x2  
  124  8:53  SCV  
  124  8:54  SCV x2  
  131  9:05  SCV  
  132  9:11  Viking  
  132  9:13  Viking  
  136  9:17  Supply Depot x2  
  136  9:21  Orbital Command, Command Center  
  136  9:22  SCV  
  136  9:23  SCV  
  138  9:25  Viking x2  
  140  9:33  Barracks  
  140  9:34  Fusion Core  
  140  9:37  Starport  
  140  9:39  Starport  
  140  9:43  Marine x4  
  140  9:44  Starport  
  144  9:55  Viking x3  
  144  9:58  Terran Ship Weapons Level 3  
  144  9:59  Supply Depot  
  150  10:02  Supply Depot  
  150  10:06  Viking  
  152  10:09  Ghost  
  146  10:21  Starport Tech Lab  
  146  10:22  Starport Tech Lab x2  
  146  10:23  Barracks Tech Lab, Marauder  
  146  10:25  Viking  
  146  10:26  Factory Tech Lab  
  148  10:28  Terran Infantry Weapons Level 2  
  148  10:29  Marine  
  148  10:30  Marine  
  148  10:31  Marine  
  148  10:35  Orbital Command  
  150  10:39  Marauder, Refinery  
  150  10:40  Battlecruiser  
  150  10:42  Marine x2  
  158  10:44  Marauder  
  158  10:47  Marine  
  158  10:48  Marine  
  164  10:52  SCV x3  
  164  10:55  Battlecruiser  
  173  11:01  Missile Turret  
  173  11:04  Viking  
  173  11:06  Refinery  
  173  11:07  Battlecruiser  
  181  11:14  Smart Servos  
  181  11:17  Command Center  
  181  11:19  Terran Vehicle And Ship Armor Level 2  
  183  11:28  Ghost x2  
  183  11:33  Ghost  
  183  11:39  Weapon Refit  
  185  11:44  Command Center x2  
  185  11:54  Missile Turret  
  185  11:56  Sensor Tower  
  185  11:59  Battlecruiser  
  185  12:01  Viking  
  193  12:02  Command Center  
  187  12:09  Battlecruiser  
  188  12:16  Missile Turret  
  188  12:20  Battlecruiser  
  194  12:31  Command Center  
  194  12:34  Orbital Command  
  194  12:36  Sensor Tower  
  194  12:41  Ghost  
  194  12:42  Ghost x2  
  194  12:44  Refinery x2  
  200  12:54  Marine  
  200  12:56  Marine  
  195  13:04  Battlecruiser  
  193  13:11  Marauder x3  
  194  13:23  Battlecruiser  
  194  13:32  Marauder x3  
  164  13:40  Marine  
  132  13:42  Marine  
  132  13:44  Marine  
  132  13:45  Marine  
  121  13:54  Marauder x3  
  108  13:55  Viking  
  108  13:57  Viking  
  108  13:58  Marine  
  108  14:00  Marine  
  108  14:02  Marine  
  113  14:03  Marine  
  113  14:06  Orbital Command  
  114  14:15  Marauder  
  114  14:16  Marine  

Tags
 
Add a new tag
Caveats
  • Supply blocks, unpowered buildings, or Contaminate may cause inaccurate times.
  • Supply counts are checked every 10 seconds.